Map: [ESL] Solaris

Players

Cure - Winner!

  • Race: Terran Terran
  • Spawn Location: 7:00

HeroMarine

  • Race: Terran Terran
  • Spawn Location: 1:00

Event: IEM Katowice 2024

VOD

Have the link to the VOD?

Description

Time

  • Played on: Feb. 11, 2024, 9:25 a.m.
  • Length: 9:17

All games in this series

Show
View Real Time Build Order
Export as new Build Order

Cure Terran - Winner!

Build Orders:  

Get SALT Encoding   

  12  0:00  SCV  
  13  0:12  SCV  
  14  0:17  Supply Depot  
  14  0:24  SCV  
  15  0:38  SCV  
  15  0:39  Barracks  
  15  0:42  Refinery  
  16  0:50  SCV  
  16  0:52  Refinery  
  17  1:03  SCV  
  18  1:15  SCV  
  19  1:26  Reaper  
  19  1:27  Orbital Command  
  19  1:29  Supply Depot  
  20  1:41  Factory  
  20  1:53  SCV  
  21  1:59  Barracks Reactor  
  21  2:05  SCV  
  22  2:17  SCV  
  23  2:22  Command Center  
  23  2:26  Hellion  
  25  2:33  SCV  
  25  2:35  Reaper x2  
  28  2:40  Supply Depot  
  27  2:45  SCV  
  27  2:48  Hellion  
  30  2:57  SCV  
  31  3:00  Starport  
  31  3:09  SCV  
  32  3:20  Cyclone x2  
  32  3:21  SCV  
  37  3:31  Refinery  
  35  3:35  Orbital Command  
  35  3:36  SCV  
  35  3:38  Medivac  
  38  3:42  Barracks Tech Lab  
  38  3:48  SCV  
  37  3:56  Cyclone x2  
  37  4:01  SCV x2  
  43  4:07  Supply Depot  
  43  4:13  SCV x2  
  43  4:16  Raven, Marine  
  47  4:27  SCV x2  
  47  4:30  Supply Depot  
  49  4:32  Cyclone x2  
  53  4:40  SCV x2  
  53  4:42  Interference Matrix  
  55  4:52  SCV x2, Supply Depot  
  57  4:53  Raven  
  59  5:04  SCV x2  
  59  5:05  Cyclone  
  59  5:06  Cyclone  
  65  5:16  Barracks Tech Lab, SCV x2  
  67  5:23  Command Center  
  67  5:30  SCV x2  
  69  5:42  Raven, SCV  
  72  5:43  SCV  
  72  5:45  Refinery  
  72  5:48  Engineering Bay  
  73  5:50  Barracks  
  73  5:52  Barracks  
  73  5:53  Marine  
  73  5:54  Siege Tank, Marine  
  78  5:58  Supply Depot  
  78  5:59  Supply Depot  
  78  6:00  SCV x2  
  73  6:11  Marine  
  73  6:12  SCV x2  
  73  6:15  Bunker  
  73  6:16  Marine  
  73  6:18  Bunker  
  77  6:25  SCV x2  
  79  6:26  Siege Tank  
  79  6:27  Raven  
  79  6:29  Marine  
  85  6:34  Marine  
  86  6:40  SCV x2  
  86  6:46  Marine x2  
  89  6:47  Marine  
  89  6:51  Marine  
  89  6:53  SCV x2  
  89  6:58  Siege Tank  
  92  7:03  Raven  
  92  7:04  Marine x2  
  92  7:05  Marine  
  97  7:09  Marine  
  97  7:13  Orbital Command  
  96  7:22  Marine x3  
  95  7:27  Marine  
  97  7:31  Siege Tank  
  97  7:35  Orbital Command  
  100  7:39  Marine  
  100  7:40  Marine x2  
  92  7:45  Marine  
  92  7:49  SCV  
  85  7:57  Marine x2  
  85  7:58  Marine  
  83  7:59  SCV  
  83  8:01  SCV  
  83  8:03  Siege Tank, Marine  
  90  8:06  SCV  
  90  8:11  SCV  
  92  8:13  SCV  
  92  8:16  Marine  
  92  8:18  SCV  
  92  8:19  Barracks Tech Lab  
  95  8:21  Marine  
  95  8:23  SCV  
  95  8:24  Engineering Bay  
  95  8:25  SCV  
  98  8:29  Starport Reactor  
  98  8:30  Barracks  
  98  8:31  Marine  
  98  8:32  Barracks  
  98  8:34  Marine  
  99  8:38  Marine  
  101  8:44  Marine  
  101  8:48  Marine, SCV  
  102  8:50  SCV x2  
  102  8:51  Marine  
  105  8:56  Marine  
  105  9:00  SCV  
Show
View Real Time Build Order
Export as new Build Order

HeroMarine Terran 

Build Orders: Cyclone Opening 

Get SALT Encoding   

  12  0:00  SCV  
  13  0:12  SCV  
  14  0:17  Supply Depot  
  14  0:24  SCV  
  15  0:39  SCV  
  15  0:41  Barracks  
  16  0:43  Refinery  
  16  0:51  SCV  
  16  0:54  Refinery  
  17  1:03  SCV  
  18  1:15  SCV  
  19  1:28  Orbital Command, Reaper  
  20  1:33  Supply Depot  
  20  1:42  Factory  
  20  1:53  SCV  
  21  2:00  Reaper  
  22  2:06  SCV  
  23  2:18  SCV  
  24  2:25  Command Center  
  24  2:30  Cyclone  
  26  2:37  SCV  
  26  2:38  Barracks Reactor  
  27  2:45  Supply Depot  
  27  2:49  SCV  
  27  2:50  Starport  
  28  3:01  SCV  
  28  3:02  Factory Tech Lab  
  29  3:13  SCV  
  29  3:14  Marine x2  
  32  3:21  Siege Tank  
  32  3:23  Refinery  
  32  3:26  SCV  
  36  3:32  Marine x2  
  36  3:38  Starport Tech Lab, SCV  
  37  3:46  Orbital Command  
  37  3:49  Marine  
  37  3:50  SCV, Marine  
  40  3:57  Siege Tank  
  40  4:02  Liberator, SCV  
  47  4:07  Marine  
  47  4:08  Marine  
  49  4:12  Supply Depot  
  49  4:14  SCV  
  50  4:17  SCV  
  50  4:27  Marine x2  
  54  4:32  Supply Depot  
  54  4:34  Siege Tank, SCV  
  54  4:35  SCV  
  57  4:45  Marine x2  
  57  4:49  Supply Depot  
  57  4:50  Raven, SCV  
  57  4:51  Interference Matrix  
  62  4:54  SCV  
  62  4:57  Supply Depot  
  63  5:03  Marine x2  
  63  5:04  SCV  
  63  5:06  Siege Tank, SCV  
  70  5:16  SCV  
  70  5:17  Supply Depot  
  70  5:18  SCV  
  70  5:21  Marine x2  
  73  5:26  Raven  
  73  5:28  SCV  
  76  5:30  SCV  
  74  5:38  Marine  
  74  5:39  Siege Tank, Marine  
  79  5:51  Command Center  
  79  5:54  SCV x2  
  79  5:56  Marine x2  
  83  6:05  Raven  
  83  6:06  SCV  
  83  6:07  SCV  
  86  6:12  Siege Tank  
  86  6:14  Marine x2  
  91  6:20  Barracks  
  91  6:22  SCV x2  
  91  6:23  Barracks  
  92  6:32  Marine x2  
  94  6:39  Supply Depot  
  94  6:40  Supply Depot  
  94  6:41  SCV  
  94  6:44  SCV  
  94  6:51  Engineering Bay x2  
  94  6:54  Starport Reactor  
  94  7:00  Siege Tank, SCV x2  
  99  7:04  Marine  
  99  7:05  Orbital Command, Marine  
  97  7:12  SCV x2  
  97  7:14  Marine x2  
  99  7:22  Marine x2  
  99  7:25  SCV x2  
  101  7:32  Marine  
  101  7:33  Siege Tank  
  101  7:37  SCV x2  
  108  7:40  Marine x2  
  107  7:44  SCV  
  107  7:45  Medivac  
  107  7:49  Marine  
  95  7:54  Refinery  
  95  7:58  Marine x2  
  85  8:01  Barracks  
  85  8:04  Barracks, Supply Depot  
  85  8:05  Marine  
  88  8:07  Marine  
  88  8:08  SCV  
  88  8:09  SCV  
  86  8:13  Siege Tank  
  86  8:16  SCV, Marine x2  
  89  8:20  Supply Depot  
  89  8:23  Marine  
  89  8:26  Barracks Tech Lab  
  90  8:29  Starport Reactor  
  90  8:33  Marine  
  90  8:34  Marine  
  91  8:35  Missile Turret  
  91  8:37  Missile Turret  
  91  8:40  Marine  
  92  8:42  SCV x2  
  92  8:47  SCV  
  77  8:49  Marine x2  
  77  8:51  Marine x2  
  77  8:52  Marine  
  77  8:54  SCV  
  73  8:58  Marine  

Tags
 
Add a new tag
Caveats
  • Supply blocks, unpowered buildings, or Contaminate may cause inaccurate times.
  • Supply counts are checked every 10 seconds.